 Dungeon Crawl Stone Soup version 0.20-a0-876-g2c7b0bf (webtiles) character file.

73 4thArraOfDagon the Gusty (level 4, 4/36 HPs)
             Began as a Naga Air Elementalist on Mar 15, 2017.
             Quit the game on level 4 of the Dungeon.
             The game lasted 00:03:23 (401 turns).

4thArraOfDagon the Gusty (Naga Air Elementalist)     Turns: 401, Time: 00:03:24

Health: 4/36       AC:  3    Str: 10    XL:     4   Next: 27%
Magic:  0/7        EV:  8    Int: 16    God:
Gold:   19         SH:  0    Dex: 12    Spells: 6/7 levels left

rFire    + . .     SeeInvis +   e - +0 flail
rCold    x . .     Gourm    .   f - +0 ring mail
rNeg     . . .     Faith    .   (no shield)
rPois    +         Spirit   .   (no helmet)
rElec    .         Reflect  .   (no cloak)
rCorr    .         Harm     .   (no gloves)
MR       .....                  (no barding)
Stlth    +.........             (no amulet)
Regen    0.2/turn               (no ring)
MPRegen  0.1/turn               i - ring of fire

@: seriously poisoned (4 -> 1), very slow
A: see invisible, deformed body, poison resistance, slowness 2, slow metabolism
1, spit poison 1, AC +1
a: Spit Poison


You were on level 4 of the Dungeon.
You were not hungry.

You visited 1 branch of the dungeon, and saw 5 of its levels.

You collected 19 gold pieces.

Inventory:

Hand Weapons
 e - a +0 flail (weapon)
Armour
 a - a +1 robe
 f - a +0 ring mail (worn)
Jewellery
 i - a ring of fire (left hand)
Books
 b - a book of Air

   Spells                             Type                      Level
   a - Shock                          Conjuration/Air              1
   b - Swiftness                      Charms/Air                   2
   c - Static Discharge               Conjuration/Air              3
   d - Airstrike                      Air                          4
   e - Lightning Bolt                 Conjuration/Air              5
Comestibles
 c - 2 bread rations
 d - a meat ration


   Skills:
 - Level 1.5 Dodging
 - Level 3.0 Stealth
 - Level 2.0 Spellcasting
 * Level 2.6 Conjurations
 * Level 4.2 Air Magic


You had 6 spell levels left.
You knew the following spells:

 Your Spells              Type           Power        Failure   Level  Hunger
a - Shock                 Conj/Air       ##..         17%         1    #......


Dungeon Overview and Level Annotations

Branches:
Dungeon (5/15)
 Temple: D:4-7

Altars:


Innate Abilities, Weirdness & Mutations

You cannot wear boots.
Your serpentine skin is tough. (AC +1)
You have supernaturally acute eyesight. (SInv)
Armour fits poorly on your strangely shaped body.
Your system is resistant to poisons. (rPois)
You cover ground very slowly.
You have a slow metabolism.
You can spit poison.


Message History

Press: ? - help, Shift-Dir - straight line, f/p - adder
Aim: an adder (moderately wounded)
The zap hits the adder.
The adder is moderately wounded.
The adder completely misses you.
Unknown command.
You closely miss the adder.
The adder is moderately wounded.
You have got your breath back.
You feel sick. The adder closely misses you. The adder barely misses you.
A hound comes into view.
You miss the adder.
The adder is moderately wounded.
The hound barks!
You hear a shout!
The adder barely misses you. The hound bites you.
* * * LOW HITPOINT WARNING * * *
Unknown command.
Unknown command.
Unknown command.
Are you sure you want to abandon this character and quit the game? (Confirm with "yes".)

## .....(... ## ..
S........ ..###. ........#
#.... #....# ...## #.#####
#..# .##..†..## ###.#
#...####..# ##.hS##
###.#####.##
##..@..#####..##.....
#.........###.##.#..>
#.......#.###....#...
##.".....#..#....##.#.
............###.#.......#.
######............##....#.
#............#####.#.
#............# #.#.
.........###..# #.#.


You could see a hound and an adder.

Vanquished Creatures
  A bullfrog skeleton (D:4)
  A gnoll (D:1)
  2 adders
  A dart slug (D:1)
  An orc (D:3)
  A bat (D:3)
  3 giant cockroaches
  A hobgoblin (D:1)
  A quokka (D:4)
  A ball python (D:1)
  2 frilled lizards (D:3)
  A kobold (D:1)
  A rat (D:3)
17 creatures vanquished.

Notes
Turn   | Place    | Note
-------+----------+-------------------------------------------
     0 | D:1      | 4thArraOfDagon the Naga Air Elementalist began the quest for the Orb.
     0 | D:1      | Reached XP level 1. HP: 15/15 MP: 3/3
    32 | D:1      | Reached XP level 2. HP: 22/22 MP: 1/5
   166 | D:3      | Reached XP level 3. HP: 13/28 MP: 0/6
   283 | D:5      | Entered Level 5 of the Dungeon
   322 | D:4      | Reached skill level 4 in Air Magic
   322 | D:4      | Reached XP level 4. HP: 22/36 MP: 7/7
   401 | D:4      | Quit the game

Vault maps used:
D:1:      dpeg_arrival_concentric_ovals, st_stairs_6
D:2:      okawaru_metal_pillars_1_2, nicolae_overflow_hidden_temple, first_bread
D:3:      lemuel_doored_altar, lemuel_round_altar, portal_sewer_entry_b,
          uniq_jessica
D:5:      kennysheep_ying_yang, kennysheep_mini, lemuel_crystal_altar,
          enter_ossuary_4

Skill      XL: |  1  2  3 |
---------------+----------+-----
Conjurations   | 2 |  2.6
Air Magic      | 4 |  4.2
Dodging        | |  1.5
Stealth        | |  3.0
Spellcasting   | |  2.0

Action                   |  1- 3 |  4- 6 || total
-------------------------+-------+-------++-------
Melee: Flail             |    42 |     6 ||    48
 Cast: Shock             |    12 |     4 ||    16
 Abil: Spit Poison       |     9 |     2 ||    11
  Use: Scroll            |     2 |       ||     2
       Potion            |     2 |       ||     2
 Stab: Sleeping          |     3 |       ||     3
Armor: Robe              |    18 |       ||    18
       Skin              |     9 |       ||     9
       Ring mail         |       |     3 ||     3
Dodge: Dodged            |    22 |    12 ||    34
